 Dungeon Crawl Stone Soup version 0.29-a0-620-g13ace881f2 (webtiles) character file.

Game seed: 8038362159413722969

74 Patoropollo the Covered (level 4, -5/40 HPs)
             Began as a Meteoran Fighter on June 19, 2022.
             Slain by an orc
             ... wielding a +0 hand axe
              (6 damage)
             ... on level 4 of the Dungeon.
             The game lasted 00:01:26 (694 turns).

Patoropollo the Covered (Meteoran Fighter)           Turns: 694, Time: 00:01:27

Health: -5/40      AC:  7    Str: 20    XL:     4   Next: 84%
Magic:  5/5        EV: 10    Int:  9    God:
Gold:   82         SH:  5    Dex: 13    Spells: 3/3 levels left

rFire   . . .      SeeInvis .   a - +0 flail
rCold   . . .      Faith    .   c - +0 buckler
rNeg    . . .      Spirit   .   b - +0 scale mail
rPois   .          Reflect  .   (no helmet)
rElec   .          Harm     .   (no cloak)
rCorr   .          Rampage  .   (no gloves)
Will    .....                   (no boots)
Stlth   ..........              (no amulet)
HPRegen 0.13/turn               (no ring)
MPRegen 0.09/turn               (no ring)

@: glowing
A: sense surroundings 1, otherworldly, glowing, explore regen
a: no special abilities


You were on level 4 of the Dungeon.
You visited 1 branch of the dungeon, and saw 3 of its levels.

You collected 82 gold pieces.

Inventory:

Hand Weapons
 a - a +0 flail (weapon)
Armour
 b - a +0 scale mail (worn)
 c - a +0 buckler (worn)
Scrolls
 f - a scroll of silence {unknown}
 g - a scroll of enchant weapon {unknown}
Potions
 d - 2 potions of might
 e - a potion of brilliance {unknown}
 h - a potion of attraction {unknown}


   Skills:
 + Level 3.8 Fighting
 + Level 3.5 Maces & Flails
 + Level 4.2 Armour
 + Level 1.8 Dodging
 + Level 4.2 Shields


You had 3 spell levels left.
You didn't know any spells.
Your spell library was empty.

Dungeon Overview and Level Annotations

Branches:
Dungeon (4/15) Zot: 1083
 Temple: D:4-7

Altars:


Innate Abilities, Weirdness & Mutations

You passively map a small area around you.
You are easily found by Zot.
You glow in the dark.
You regain HP and MP as you explore.


Message History

You hit the orc priest.
The orc priest is moderately wounded.
The orc priest barely misses you. The orc hits you but does no damage.
You barely miss the orc priest.
The orc priest is moderately wounded.
The orc priest mumbles some strange prayers to Beogh against you.
Beogh smites you!
* * * LOW HITPOINT WARNING * * *
The orc hits you but does no damage.
You closely miss the orc priest.
The orc priest is moderately wounded.
The orc priest barely misses you. You block the orc's attack.
Unknown command.
You hit the orc priest.
The orc priest is heavily wounded.
The orc priest hits you with a +0 dagger.
* * * LOW HITPOINT WARNING * * *
You block the orc's attack.
The orc priest hits you but does no damage.
The orc completely misses you.
You sock the orc priest!
You kill the orc priest!
The orc hits you with a +0 dagger.
* * * LOW HITPOINT WARNING * * *
An orc comes into view. It is wielding a +0 hand axe.
Unknown command. 2 orcs come into view.
The orc shouts! x2
The orc closely misses you.
Things that are here:
a +0 dagger; an orc corpse You thump the orc!
You kill the orc!
The orc barely misses you. The orc attacks as you move away!
The orc hits you but does no damage. The orc attacks as you move away!
The orc barely misses you. The orc attacks as you move away!
The orc hits you with a +0 hand axe.
* * * LOW HITPOINT WARNING * * *
The orc attacks as you move away! The orc hits you with a +0 hand axe.
You die...

, *, ,#.....# , ,* #.....' .
* * ###+#*########'## .., ,
#...###.......... ... , , ,
,#.....#.>........ ..o.,,* ,
,#.....#.......... ..... *
#.....#..........
#....########'#####.....#####
#....o)o...o@.......##### ,,
#.....).............#
#...................# *
#####............)..#
#......####.....# #......#
#.....# , #......# #.....# ,
,, #......# ,#.....# **
*#......# ,#.....# *


You could see 3 orcs.

Vanquished Creatures
  An orc priest (D:4)
  An adder (D:2)
  A worm (D:2)
  3 dart slugs (D:1)
  An orc (D:4)
  5 ball pythons (D:1)
  3 endoplasms
  A giant cockroach (D:2)
  2 hobgoblins (D:2)
  2 quokkas (D:2)
  2 bats (D:1)
  3 kobolds (D:1)
  3 rats
28 creatures vanquished.

Notes
Turn   | Place    | Note
-------+----------+-------------------------------------------
     0 | D:1      | Patoropollo the Meteoran Fighter began the quest for the
                  | Orb.
     0 | D:1      | Reached XP level 1. HP: 19/19 MP: 2/2
    37 | D:1      | Found a faded altar of an unknown god.
    47 | D:1      | Reached XP level 2. HP: 26/26 MP: 3/3
   229 | D:1      | Reached skill level 1 in Dodging
   229 | D:1      | Reached XP level 3. HP: 29/31 MP: 4/4
   574 | D:2      | Reached XP level 4. HP: 40/40 MP: 5/5
   599 | D:2      | You fall into a shaft and drop 2 floors!
   684 | D:4      | HP: 2/40 [orc priest/+0 dagger (2)]
   693 | D:4      | HP: 1/40 [orc/+0 hand axe (1)]
   694 | D:4      | Slain by an orc

Illustrated notes

Levels and vault maps discovered:
D:1:      denvon_arrival_waterhouse, layout_loops_corners,
          nicolae_ecumenical_snake_handling, roderic_serpentine_path
D:2:      layout_basic
D:4:      layout_gridville, uniq_natasha

Skill      XL: |  1  2  3 |
---------------+----------+-----
Maces & Flails | 3 |  3.5
Dodging        | 1 |  1.8
Armour         | 4 |  4.2
Shields        | 4 |  4.2
Fighting       | |  3.8

Action                   |  1- 3 |  4- 6 || total
-------------------------+-------+-------++-------
Melee: Flail             |    63 |    20 ||    83
Armor: Scale mail        |    41 |    11 ||    52
Dodge: Dodged            |    28 |    10 ||    38
Block: Buckler           |    13 |     2 ||    15

Table legend: (Time is in decaauts)
 A = Elapsed time spent in this place.
 B = Non-inter-level travel time spent in this place.
 C = Inter-level travel time spent in this place.
 D = Time resting spent in this place.
 E = Time spent auto-exploring this place.
 F = Levels seen in this place.
 G = Mean time per level.
                   A        B        C        D        E       F      G
               +--------+--------+--------+--------+--------+-----+--------+
         Total |    717 |    717 |      0 |      0 |    508 |   3 |  239.0 |
       Dungeon |    717 |    717 |      0 |      0 |    508 |   3 |  239.0 |
               +--------+--------+--------+--------+--------+-----+--------+

Top non-repeatable levels by time:
     D:2: 315 daAuts
     D:1: 303 daAuts
     D:4: 98 daAuts
